 Dungeon Crawl Stone Soup version 0.30-a0-1094-g860fb061e7 (webtiles) character file.

Game seed: 1823086090906579479

3587 xian the Covert (level 9, 0/61 HPs)
             Began as a Demonspawn Enchanter on Apr 17, 2023.
             Was a Believer of Okawaru.
             Slain by Psyche
             ... wielding a +2 dagger of distortion
              (2 damage)
             ... on level 8 of the Dungeon.
             The game lasted 00:26:00 (7248 turns).

xian the Covert (Demonspawn Enchanter)              Turns: 7248, Time: 00:26:01

Health: 0/61       AC:  0    Str: 14    XL:     9   Next: 85%
Magic:  14/15      EV: 15    Int: 16    God:    Okawaru [**....]
Gold:   129        SH:  0    Dex: 13    Spells: 8/17 levels left

rFire   . . .      SeeInvis .    y - melded +0 short sword (venom)
rCold   . . .      Faith    .    (shield currently unavailable)
rNeg    . . .      Spirit   .    E - melded +1 acid dragon scales "Wupourgh" {rC+ rCorr Dex+4}
rPois   .          Reflect  .    J - melded +1 hat
rElec   .          Rampage  .    f - melded +2 cloak "Picuceoq" {Harm rCorr}
rCorr   .                        u - melded +2 pair of gloves of Rotation {Drain rPois rF+ Dex+3}
Will    .....                    N - melded +0 pair of boots {rampage}
Stlth   ++++                     (no amulet)
HPRegen 0.30/turn                I - melded ring of resist corrosion
MPRegen 0.14/turn                (ring currently unavailable)

@: pig-form, invisible, very quick
A: fast, no casting, small, (horns 1), (large bone plates 1), foul stench 1,
demonic magic 3
a: Renounce Religion, Heroism


You were on level 8 of the Dungeon.
You worshipped Okawaru.
Okawaru was pleased with you.
You were a filthy swine.
You visited 1 branch of the dungeon, and saw 8 of its levels.
You also visited: Sewer.

You collected 1485 gold pieces.
You spent 1356 gold pieces at shops.

Inventory:

Hand Weapons
 y - a +0 short sword of venom (melded)
Missiles
 d - 55 stones (quivered)
 w - 31 poisoned darts
 C - 3 throwing nets
Armour
 e - the +1 helmet of the Orb {rN++ Str-2}
   (You bought it in a shop on level 2 of the Dungeon)

   Str:       It affects your strength (-2).
   rN:        It greatly protects you from negative energy.
 f - the +2 cloak "Picuceoq" (melded) {Harm rCorr}
   (You bought it in a shop on level 2 of the Dungeon)

   rCorr:     It protects you from acid and corrosion.
   Harm:      It increases damage dealt and taken.
 u - the +2 pair of gloves of Rotation (melded) {Drain rPois rF+ Dex+3}
   (You found it on level 2 of the Dungeon)

   Dex:       It affects your dexterity (+3).
   rF:        It protects you from fire.
   rPois:     It protects you from poison.
   Drain:     It drains your maximum health when unequipped.
 E - the +1 acid dragon scales "Wupourgh" (melded) {rC+ rCorr Dex+4}
   (You bought it in a shop on level 2 of the Dungeon)

   Dex:       It affects your dexterity (+4).
   rC:        It protects you from cold.
   rCorr:     It protects you from acid and corrosion.
 J - a +1 hat (melded)
 N - a +0 pair of boots of rampaging (melded)
Jewellery
 I - a ring of resist corrosion (melded)
 O - a ring of fire
Wands
 D - a wand of roots (7)
 F - a wand of polymorph (8)
 L - a wand of flame (8)
Scrolls
 a - 2 scrolls of magic mapping
 g - 6 scrolls of fog
 j - 3 scrolls of teleportation {unknown}
 l - 2 scrolls of silence {unknown}
 m - 4 scrolls of identify
 p - 2 scrolls of immolation {unknown}
 q - 2 scrolls of blinking {unknown}
 r - 5 scrolls of enchant weapon {unknown}
 s - a scroll of amnesia
 x - a scroll of vulnerability {unknown}
 H - a scroll of noise {unknown}
Potions
 b - 5 potions of degeneration {unknown}
 c - 2 potions of invisibility
 h - 2 potions of heal wounds {unknown}
 i - 7 potions of might
 k - 2 potions of mutation {unknown}
 n - 2 potions of cancellation {unknown}
 o - 2 potions of lignification
 t - a potion of brilliance {unknown}
 v - 2 potions of haste
 z - 2 potions of ambrosia {unknown}
 A - 4 potions of curing {unknown}
 B - a potion of flight
 G - 2 potions of magic {unknown}
 K - a potion of resistance {unknown}
 M - a potion of berserk rage {unknown}


   Skills:
 + Level 2.0 Fighting
 + Level 4.2 Short Blades
 + Level 0.3 Throwing
 * Level 5.4 Armour
 + Level 3.4 Dodging
 + Level 8.5 Stealth
 + Level 4.6 Spellcasting
 + Level 5.4 Hexes
 + Level 3.3 Ice Magic


You had 8 spell levels left.
You knew the following spells:

 Your Spells              Type           Power      Damage    Failure   Level
a - Ensorcelled Hibernat  Hex/Ice        34%        N/A       4%          2
b - Confusing Touch       Hex            21%        N/A       5%          3
c - Tukima's Dance        Hex            21%        N/A       5%          3
d - Slow                  Hex            84%        N/A       1%          1

Your spell library contained the following spells:

 Spells                   Type           Power      Damage    Failure   Level
 Dazzling Flash           Conj/Hex       24%        N/A       16%         3
 Blink                    Tloc           6%         N/A       24%         2
 Lesser Beckoning         Tloc           6%         N/A       24%         2
 Momentum Strike          Conj/Tloc      6%         3d8       24%         2
 Spider Form              Tmut/Pois      3%         N/A       43%         3
 Vampiric Draining        Necr           3%         2d6       43%         3
 Anguish                  Hex/Necr       6%         N/A       45%         4
 Blade Hands              Tmut           1%         N/A       99%         5
 Iron Shot                Conj/Erth      1%         9d1       100%        6
 Animate Armour           Summ/Erth      Unusable   N/A       N/A         4

Dungeon Overview and Level Annotations

Branches:
Dungeon (8/15)             Temple (0/1) D:7           Sewer (visited)
   Lair: D:8-11

Altars:
Nemelex Xobeh
Okawaru
Sif Muna
Xom

Shops:
D:2 [   D:4 ?   D:5 :   D:7 *   D:8 [

Annotations:
D:8 Maggie, Psyche


Innate Abilities, Weirdness & Mutations

You are a filthy swine.
You move quickly.
Your equipment is almost entirely melded.
You are incapable of wielding weapons or throwing items.
You cannot cast spells.
((You have a pair of small horns on your head.))
((You are partially covered in large bone plates. (SH +4)))
You may rarely emit foul miasma when damaged in melee.
Spells you cast and wands you use may paralyse nearby enemies.


Message History

You feel sick.
Your magical contamination has completely faded away.
You hear some strange, mumbled words.
A swirling arc of seething chaos appears!
The arc of chaos arcs out of your line of sight!
An arc of chaos appears from out of thin air!
The arc of chaos suddenly appears!
You feel sick.
A kobold brigand comes into view.
It is wielding a +2 whip of draining and quivering curare-tipped darts.
A bullfrog comes into view.
You feel sick.
A kobold comes into view. It is wielding a +0 whip.
A kobold comes into view. It is wielding a +0 dagger.
The bullfrog moves out of view.
You feel sick.
The kobold brigand shouts!
You hear a shout!
You feel sick.
You are no longer poisoned.
You hear some strange, mumbled words.
A swirling arc of seething chaos appears!
An arc of chaos appears from out of thin air!
The arc of chaos hits you.
Maggie shouts!
Maggie gestures at you while chanting. The bolt of fire hits you!!
* * * LOW HITPOINT WARNING * * *
Something hits you.
* * * LOW HITPOINT WARNING * * *
You blink.
Maggie misses you.
Unknown command.
Okay, then.
You fade into invisibility!
Something hits you.
* * * LOW HITPOINT WARNING * * *
Space warps around you.
* * * LOW HITPOINT WARNING * * *
Maggie closely misses you.
It was a potion of lignification.
You feel woody for a moment. Something hits you.
You die...

#.......#.#...#†#####
#.......#...........#
.#.......#.##........#
....#.#....†........#
#........##........#
#........#.....)...#
###.#......#.#######.######
#...........@#######.......
≈≈.≈≈........h............K
≈#+#≈..<....#{.............
.'_'..)..>.........K......K
.≈#'#≈........#............. .
.≈≈.≈≈.......##.............
...#..###.#..######...#####...
#...####)#..########..# ..#
#.).)[[)........ ..... ..
#####.....###### .###


You could see Maggie (unable to see you) and a kobold brigand (unable to see
you).

Vanquished Creatures
  Erica (D:8)
  A gargoyle (D:8)
  A wyvern (D:8)
  A steam dragon (D:8)
  A water moccasin (D:8)
  2 sky beasts
  2 ice beasts (D:7)
  3 ogres
  A kobold brigand (Sewer)
  2 bullfrogs (D:7)
  2 scorpions (D:5)
  10 killer bees (D:7)
  4 howler monkeys
  3 hounds
  2 jellies
  3 orc priests
  Jessica (D:2)
  Terence (D:2)
  Natasha (thrice) (D:3)
  An iguana (D:7)
  A sleepcap (D:6)
  5 orc wizards
  3 gnolls (D:5)
  6 adders
  A shadow imp (D:7)
  2 white imps
  4 worms
  18 orcs
  6 bats
  4 endoplasms
  4 giant cockroaches
  5 goblins
  7 hobgoblins
  20 kobolds
  4 quokkas
  4 ball pythons
  5 frilled lizards
  4 rats
148 creatures vanquished.

Vanquished Creatures (others)
  2 plants (Sewer)
2 creatures vanquished.

Grand Total: 150 creatures vanquished

Notes
Turn   | Place    | Note
-------+----------+-------------------------------------------
     0 | D:1      | xian the Demonspawn Enchanter began the quest for the Orb.
     0 | D:1      | Reached XP level 1. HP: 13/13 MP: 3/3
   351 | D:1      | Reached skill level 1 in Short Blades
   447 | D:1      | Gained mutation: Spells you cast may paralyse adjacent
                  | enemies. [demonic ancestry]
   447 | D:1      | Reached XP level 2. HP: 17/19 MP: 5/5
   452 | D:1      | Learned a level 2 spell: Ensorcelled Hibernation
   631 | D:1      | Reached skill level 3 in Stealth
   752 | D:2      | Noticed Jessica
   752 | D:2      | Found a shimmering altar of Xom.
   753 | D:2      | Killed Jessica
   754 | D:2      | Gained mutation: Spells you cast may paralyse nearby
                  | enemies. [demonic ancestry]
   754 | D:2      | Reached XP level 3. HP: 24/24 MP: 6/6
   756 | D:2      | Noticed Terence
   767 | D:2      | Killed Terence
   841 | D:2      | Gained mutation: You may rarely emit foul miasma when
                  | damaged in melee. [demonic ancestry]
   841 | D:2      | Reached XP level 4. HP: 31/31 MP: 4/7
   913 | D:2      | Found Ulok's Armour Shoppe.
  1298 | D:2      | Identified the +2 pair of gloves of Rotation {Drain rPois
                  | rF+ Dex+3}
  1442 | D:3      | Learned a level 3 spell: Confusing Touch
  1515 | D:3      | Noticed Natasha
  1565 | D:3      | Killed Natasha
  1636 | D:3      | Reached XP level 5. HP: 27/36 MP: 1/8
  1730 | D:3      | Found a glowing drain.
  1734 | Sewer    | Entered a sewer
  1890 | Sewer    | Reached skill level 4 in Stealth
  1896 | Sewer    | Reached skill level 1 in Ice Magic
  2346 | D:3      | Learned a level 3 spell: Tukima's Dance
  2388 | D:3      | Noticed Natasha
  2393 | D:3      | Killed Natasha
  2420 | D:3      | Gained mutation: Spells you cast and wands you use may
                  | paralyse nearby enemies. [demonic ancestry]
  2420 | D:3      | Reached XP level 6. HP: 33/42 MP: 9/9
  2482 | D:3      | Noticed Natasha
  2553 | D:3      | Killed Natasha
  2787 | D:4      | Reached skill level 1 in Armour
  2952 | D:4      | Identified a scroll of acquirement
  2955 | D:4      | Acquired 1174 gold pieces
  3073 | D:2      | Bought the +1 helmet of the Orb {rN++ Str-2} for 228 gold
                  | pieces
  3073 | D:2      | Bought the +2 cloak "Picuceoq" {Harm rCorr} for 271 gold
                  | pieces
  3073 | D:2      | Bought the +1 acid dragon scales "Wupourgh" {rC+ rCorr
                  | Dex+4} for 674 gold pieces
  3240 | D:4      | Found a shimmering blue altar of Sif Muna.
  3273 | D:4      | Found Tueclaupn's Magic Scroll Boutique.
  3289 | D:4      | Bought a scroll of identify for 26 gold pieces
  3855 | D:5      | Entered Level 5 of the Dungeon
  4144 | D:5      | Gained mutation: You have a pair of small horns on your
                  | head. [demonic ancestry]
  4144 | D:5      | Reached XP level 7. HP: 47/47 MP: 8/11
  4151 | D:5      | Reached skill level 1 in Fighting
  4151 | D:5      | Reached skill level 5 in Stealth
  4392 | D:5      | Found Zuthoam's Book Shop.
  5251 | D:6      | Learned a level 1 spell: Slow
  5603 | D:7      | Gained mutation: You are partially covered in large bone
                  | plates. (SH +4) [demonic ancestry]
  5603 | D:7      | Reached XP level 8. HP: 54/54 MP: 9/13
  5622 | D:7      | Reached skill level 6 in Stealth
  6007 | D:7      | Found Cahus's General Store.
  6120 | D:7      | Found an iron altar of Okawaru.
  6133 | D:7      | Reached skill level 7 in Stealth
  6134 | D:7      | Became a worshipper of Warmaster Okawaru
  6624 | D:7      | Reached XP level 9. HP: 59/59 MP: 15/15
  6752 | D:7      | Found a staircase to the Ecumenical Temple.
  7001 | D:8      | Found Xocriro's Antique Armour Shop.
  7012 | D:8      | Reached * piety under Okawaru
  7032 | D:8      | Bought a pair of runed boots for 157 gold pieces
  7046 | D:8      | Found a sparkling altar of Nemelex Xobeh.
  7049 | D:8      | Noticed a gargoyle
  7070 | D:8      | Killed a gargoyle
  7082 | D:8      | Reached skill level 5 in Hexes
  7084 | D:8      | Noticed Erica
  7095 | D:8      | Killed Erica
  7096 | D:8      | Reached skill level 5 in Armour
  7096 | D:8      | Reached skill level 8 in Stealth
  7114 | D:8      | Noticed Maggie
  7114 | D:8      | Noticed Psyche
  7121 | D:8      | Reached ** piety under Okawaru
  7247 | D:8      | HP: 2/61 [something (4)]
  7248 | D:8      | Slain by Psyche

Illustrated notes

Levels and vault maps discovered:
D:1:      saegor_arrival_simple_a, layout_basic, dreamdust_princess_bridge
D:2:      layout_rooms, serial_shops, nicolae_shop_statue_plus, basic_altar,
          serial_glass, glass_columns_a, glass_columns_a, uniq_jessica,
          uniq_terence
D:3:      layout_basic, gup_sewer_entry_spiral,
          hangedman_abyss_or_decor_lesser_grid, uniq_natasha
D:4:      layout_gridville, mainiacjoe_overflow_boulevard, serial_shops, shop
D:5:      layout_rooms, serial_curves, eino_curves_02, eino_curves_01,
          serial_shops, nicolae_shop_behind_doors
D:6:      layout_loops_ring, tso_altar
D:7:      layout_layer_cave, okawaru_metal_pillars_1_2, temple_hall,
          serial_shops, nicolae_inconvenience_store
D:8:      layout_rooms, kennysheep_mini_moat, serial_shops, shop,
          nicolae_shop_bloodbath_and_beyond, shop, uniq_maggie, uniq_psyche,
          uniq_erica

Skill      XL: |  1  2  3  4  5  6  7  8  9 |
---------------+----------------------------+-----
Short Blades   | 1 2 3 4 |  4.2
Stealth        | 3 4 5 7 8 |  8.5
Dodging        | 2 3 |  3.4
Ice Magic      | 1 2 3 |  3.3
Armour         | 2 3 4 5 |  5.4
Spellcasting   | 3 4 |  4.6
Fighting       | 1 2 |  2.0
Hexes          | 4 5 |  5.4
Throwing       | |  0.3

Action                     |  1- 3 |  4- 6 |  7- 9 || total
---------------------------+-------+-------+-------++-------
  Melee: Dagger            |    43 |   123 |       ||   166
         Short sword       |       |    40 |   127 ||   167
         Headbutt          |       |       |    21 ||    21
         Punch             |       |       |     1 ||     1
  Throw: Stone             |       |    22 |     1 ||    23
   Cast: Ensorcelled Hiber |     6 |    38 |    37 ||    81
         Confusing Touch   |       |       |     6 ||     6
 Invoke: Heroism           |       |       |     1 ||     1
    Use: Scroll            |     1 |     8 |       ||     9
         Potion            |       |       |     2 ||     2
   Stab: Sleeping          |     6 |    23 |    25 ||    54
         Paralysed         |     3 |    22 |    32 ||    57
         Confused          |       |       |     2 ||     2
 Armour: Robe              |     6 |       |       ||     6
         Leather armour    |       |    56 |       ||    56
         Acid dragon scale |       |     7 |    48 ||    55
  Dodge: Dodged            |    24 |   100 |    75 ||   199
  Block: Other             |       |       |    14 ||    14

Table legend: (Time is in decaauts)
 A = Elapsed time spent in this place.
 B = Non-inter-level travel time spent in this place.
 C = Inter-level travel time spent in this place.
 D = Time resting spent in this place.
 E = Time spent auto-exploring this place.
 F = Levels seen in this place.
 G = Mean time per level.
                   A        B        C        D        E       F      G
               +--------+--------+--------+--------+--------+-----+--------+
         Total |   7292 |   6648 |    644 |    131 |   4874 |   9 |  810.2 |
       Dungeon |   6706 |   6062 |    644 |    131 |   4558 |   8 |  838.2 |
         Sewer |    585 |    585 |      0 |      0 |    315 |   1 |  585.0 |
               +--------+--------+--------+--------+--------+-----+--------+

Top non-repeatable levels by time:
     D:7: 1616 daAuts
     D:4: 994 daAuts
     D:3: 908 daAuts
     D:6: 847 daAuts
     D:2: 840 daAuts
     D:1: 750 daAuts
     D:5: 605 daAuts
   Sewer: 585 daAuts
     D:8: 144 daAuts
